 Dungeon Crawl Stone Soup version 0.17-a0-1987-gaf5a542 (webtiles) character file.

52 Shim the Grasshopper (level 3, -3/24 HPs)
             Began as a High Elf Warper on Oct 6, 2015.
             Killed from afar by an adder (12 damage)
             ... with an exploding inner flame
             ... hexed by the player character
             ... on level 1 of the Dungeon.
             The game lasted 00:10:19 (1999 turns).

Shim the Grasshopper (High Elf Warper)              Turns: 1999, Time: 00:10:19

Health: -3/24      AC:  3    Str: 10    XL:     3   Next: 60%
Magic:  0/7        EV: 12    Int: 17    God:
Gold:   51         SH:  0    Dex: 15    Spells: 3 memorised, 2 levels left

rFire  + . .     SeeInvis .     a - +1 short sword
rCold  x . .     Clarity  .     b - +0 leather armour
rNeg   . . .     SustAt   .     (no shield)
rPois  .         Gourm    .     (no helmet)
rElec  .         Spirit   +     (no cloak)
rCorr  .         Warding  .     (no gloves)
rMut   .         Stasis   .     (no boots)
MR     .....                    o - amulet of guardian spirit
Stlth  +.........               (no ring)
                                s - ring of fire

@: very slightly contaminated, not resistant to hostile enchantments, very
unstealthy
A: no striking features
a: no special abilities


You were on level 1 of the Dungeon.
You were not hungry.

You visited 1 branch of the dungeon, and saw 2 of its levels.

You collected 51 gold pieces.

Inventory:

Hand Weapons
 a - a +1 short sword (weapon)
Missiles
 e - 5 tomahawks of dispersal (quivered)
 h - 40 stones
 r - 6 curare-tipped needles
Armour
 b - a +0 leather armour (worn)
Jewellery
 o - an amulet of guardian spirit (around neck)
 s - a ring of fire (left hand)
Scrolls
 g - a scroll of remove curse {unknown}
 k - a scroll of identify {unknown}
 n - a scroll of fear {unknown}
Potions
 i - a potion of magic {unknown}
Books
 c - a book of Spatial Translocations

   Spells                             Type                      Level
   a - Apportation                    Translocation                1
   b - Blink                          Translocation                2
   c - Shroud of Golubria             Charms/Translocation         2
   d - Portal Projectile              Translocation                3
   e - Teleport Other                 Translocation                3
   f - Passage of Golubria            Translocation                4
Comestibles
 f - 2 bread rations
 j - 2 meat rations
 l - 2 chunks of flesh


   Skills:
 + Level 2.1 Fighting
 + Level 2.5 Short Blades
 * Level 1.3 Throwing
 + Level 1.2 Armour
 + Level 2.9 Dodging
 * Level 0.8 Stealth
 + Level 2.6 Spellcasting
 + Level 0.2 Charms
 + Level 3.8 Translocations


You had 2 spell levels left.
You knew the following spells:

 Your Spells              Type           Power        Failure   Level  Hunger
a - Apportation           Tloc           ###.......   8%          1    #......
b - Blink                 Tloc           N/A          10%         2    ##.....
c - Shroud of Golubria    Chrm/Tloc      #.........   17%         2    ##.....


Dungeon Overview and Level Annotations

Branches:
Dungeon (2/15)

Altars:

Annotations:
D:2 Terence


Message History

The adder barely misses you.
Casting: Shroud of Golubria
Confirm with . or Enter, or press ? or * to list all spells.
You blink.
Read which item? (? for menu, Esc to quit)
As you read the scroll labeled ZUAMUETZIE, it crumbles to dust.
It is a scroll of enchant weapon.
Enchant which weapon? (? for menu, Esc to quit)
Your +0 short sword glows red for a moment.
You puncture the adder!
The adder is severely wounded.
The adder barely misses you. x2
You hit the adder.
The adder is almost dead.
The adder bites you.
You hit the adder.
The adder explodes!
The fiery explosion engulfs you! You resist.
Ouch! That really hurt!
You die...

...# #..##........).)......######
...# #...........................
...# ##.###########........######
...####'###### #K.......######
.............# #........#.....
##...........# #S.......#.....
÷............# #........#.....
##...........######........#.....
................@§K........#.....
#..........######################
#..........#.#.#...#.#.##########
#............#...#...#...........
#..........#...#.#.#...##########
#.....[....#...#.#.#...#......###
#.#..........#...#...#...####.##.
#.#........#.#.#...#.#.#.# #.##.
...........#############.# #....


You could see a kobold (inner flame).

Vanquished Creatures
  An adder (D:2)
  2 giant geckos (D:1)
  3 bats
  2 giant cockroaches (D:1)
  8 goblins
  8 hobgoblins
  A jackal (D:2)
  3 giant newts
  5 kobolds
  6 rats
39 creatures vanquished.

Vanquished Creatures (others)
  A goblin (D:1)
1 creature vanquished.

Grand Total: 40 creatures vanquished

Notes
Turn   | Place    | Note
--------------------------------------------------------------
     0 | D:1      | Shim the High Elf Warper began the quest for the Orb.
     0 | D:1      | Reached XP level 1. HP: 14/14 MP: 4/4
   164 | D:1      | Reached XP level 2. HP: 17/19 MP: 4/6
   168 | D:1      | Learned a level 2 spell: Blink
   860 | D:1      | Learned a level 2 spell: Shroud of Golubria
  1326 | D:1      | Reached skill level 1 in Armour
  1589 | D:2      | Noticed Terence
  1605 | D:2      | Reached XP level 3. HP: 24/24 MP: 7/7
  1972 | D:1      | HP: 1/24 [adder (4)]
  1999 | D:1      | Killed from afar by an adder

Vault maps used:
D:1:      elethiomel_arrival_infinity_welcomes_careful_drivers,
          minmay_misc_feat_alley, monster_avoids_cloud
D:2:      uniq_terence

Action                   || total
-------------------------++-------
Melee: Short sword       ||   175
Throw: Stone             ||    13
 Cast: Shroud of Golubri ||     4
       Blink             ||     3
  Use: Scroll            ||     3
       Potion            ||     2
  Eat: Chunk             ||     4
